 Dungeon Crawl Stone Soup version 0.29-a0-284-gf9362112df (webtiles) character file.

Game seed: 11908254826203115567

145009 freelancePsychic the Fighter (level 16, -10/142 (144) HPs)
             Began as a Grey Draconian Wanderer on Mar 18, 2022.
             Was the Champion of Cheibriados.
             Mangled by a jorogumo (12 damage)
             ... while paralysed by a jorogumo
             ... on level 4 of the Spider Nest on Mar 19, 2022.
             The game lasted 01:28:31 (34795 turns).

freelancePsychic the Fighter (DrWn)                Turns: 34795, Time: 01:28:32

HP:   -10/142 (144) AC: 19    Str: 30 (31) XL:     16   Next: 86%
MP:   4/30          EV:  2    Int: 44 (46) God:    Cheibriados [******]
Gold: 1440          SH:  0    Dex: 25 (26) Spells: 6/36 levels left

rFire   . . .      SeeInvis .   l - +9 rapier "Ultimatum" {spect, Int+3}
rCold   . . .      Faith    .   U - +2 buckler {reflect}
rNeg    + + .      Spirit   .   (body armour unavailable)
rPois   +          Reflect  +   K - +0 hat "Boegiqogg" {rN+ Int+3}
rElec   .          Harm     .   Q - +1 cloak
rCorr   .          Rampage  .   X - +1 pair of gloves
Will    ++++.      Clarity  +   x - +0 pair of boots
Stlth   ++++......              N - amulet of the Four Winds {rN+ Will+++ Clar}
HPRegen 0.33/turn               d - ring of poison resistance
MPRegen 0.22/turn               D - +6 ring of intelligence

@: paralysed, held, lightly drained, invisible, very slow
A: AC +14, amphibious, unfitting armour, cold-blooded
a: Renounce Religion, Bend Time, Temporal Distortion, Slouch, Step From Time


You were on level 4 of the Spider Nest.
You worshipped Cheibriados.
Cheibriados was exalted by your worship.
You visited 4 branches of the dungeon, and saw 27 of its levels.
You also visited: Ossuary and Ice Cave.

You collected 2661 gold pieces.
You spent 1221 gold pieces at shops.

Inventory:

Hand Weapons
 l - the +9 rapier "Ultimatum" (weapon) {spect, Int+3}
   (You found it on level 5 of the Lair of Beasts)

   When its wielder attacks, the weapon's spirit leaps out and strikes again.
   The spirit shares a part of any damage it takes with its wielder.
   Int:       It affects your intelligence (+3).
Missiles
 t - a throwing net
Armour
 x - a +0 pair of boots (worn)
 K - the +0 hat "Boegiqogg" (worn) {rN+ Int+3}
   (You acquired it on level 15 of the Dungeon)

   Int:       It affects your intelligence (+3).
   rN:        It protects you from negative energy.
 Q - a +1 cloak (worn)
 U - a +2 buckler of reflection (worn)
 X - a +1 pair of gloves (worn)
Magical Staves
 G - a staff of earth
Jewellery
 d - a ring of poison resistance (left hand)
 f - a ring of wizardry
 D - a +6 ring of intelligence (right hand)
 E - a ring of willpower
 L - a ring of protection from cold
 M - an amulet of regeneration
 N - the amulet of the Four Winds (around neck) {rN+ Will+++ Clar}
   (You found it on level 15 of the Dungeon)

   [amulet of nothing]

   rN:        It protects you from negative energy.
   Clar:      It protects you against confusion.
   Will:      It greatly increases your willpower.
 S - a ring of resist corrosion
 W - a ring of ice
Wands
 b - a wand of polymorph (13)
 h - a wand of flame (2)
 n - a wand of iceblast (13)
 q - a wand of digging (26)
 s - a wand of paralysis (8)
 V - a wand of acid (5)
Scrolls
 c - 2 scrolls of blinking
 j - 9 scrolls of teleportation {@r4}
 k - 9 scrolls of identify {@r1}
 o - 2 scrolls of fear
 u - a scroll of silence
 w - 2 scrolls of amnesia
 y - a scroll of brand weapon
 z - 3 scrolls of holy word
 A - 4 scrolls of immolation
 H - a scroll of enchant armour
 I - 5 scrolls of enchant weapon
Potions
 a - 2 potions of berserk rage
 e - 3 potions of curing {@q1}
 i - 4 potions of might
 m - a potion of magic {unknown}
 p - a potion of cancellation {unknown}
 r - 2 potions of flight {unknown}
 v - a potion of brilliance
 C - 4 potions of degeneration {unknown}
 J - a potion of invisibility
 R - 2 potions of attraction {unknown}
 T - a potion of heal wounds {unknown}
Miscellaneous
 F - a tin of tremorstones (2/2)
 O - a condenser vane
 P - a phantom mirror


   Skills:
 + Level 13.6 Fighting
 + Level 8.5(8.8) Short Blades
 - Level 3.4(6.4) Long Blades
 + Level 10.5 Dodging
 - Level 5.6 Stealth
 - Level 4.0 Shields
 - Level 10.5 Spellcasting
 - Level 6.4 Conjurations
 - Level 1.7 Hexes
 - Level 5.1 Necromancy
 - Level 4.9 Translocations
 - Level 10.0 Transmutations
 - Level 1.2 Fire Magic
 + Level 11.4 Earth Magic
 - Level 9.0 Poison Magic
 - Level 11.1 Invocations
 - Level 3.0 Evocations


You had 6 spell levels left.
You knew the following spells:

 Your Spells              Type           Power      Damage    Failure   Level
a - Borgnjor's Vile Clut  Necr/Erth      38%        N/A       1%          5
b - Iskenderun's Mystic   Conj/Tloc      65%        2d13      1%          4
c - Ignite Poison         Fire/Tmut/Pois 70%        N/A       1%          3
d - Eringya's Noxious Bo  Tmut/Pois      41%        N/A       4%          6
e - Lee's Rapid Deconstr  Erth           45%        3d23*     1%          5
f - Foxfire               Conj/Fire      100%       2x1d9     1%          1
h - Irradiate             Conj/Tmut      38%        3d26      1%          5
s - Slow                  Hex            100%       N/A       1%          1

Your spell library contained the following spells:

 Spells                   Type           Power      Damage    Failure   Level
 Animate Skeleton         Necr           100%       N/A       1%          1
 Beastly Appendage        Tmut           100%       N/A       1%          1
 Freeze                   Ice            92%        1d10      1%          1
 Pain                     Necr           100%       1d9       1%          1
 Corpse Rot               Necr/Air       90%        N/A       1%          2
 Ensorcelled Hibernation  Hex/Ice        62%        N/A       1%          2
 Wereblood                Tmut           84%        N/A       1%          2
 Conjure Flame            Conj/Fire      54%        6-21      1%          3
 Dazzling Flash           Conj/Hex       100%       N/A       1%          3
 Mephitic Cloud           Conj/Pois/Air  62%        N/A       1%          3
 Spider Form              Tmut/Pois      82%        N/A       1%          3
 Vampiric Draining        Necr           62%        2d10      1%          3
 Alistair's Intoxication  Tmut/Pois      54%        N/A       1%          5
 Confusing Touch          Hex            38%        N/A       2%          3
 Inner Flame              Hex/Fire       36%        N/A       2%          3
 Flame Wave               Conj/Fire      54%        2d11      3%          4
 Fulminant Prism          Conj/Hex       28%        3d14      3%          4
 Sticky Flame             Conj/Fire      54%        2d7       3%          4
 Frozen Ramparts          Ice            46%        1d6       4%          3
 Hailstorm                Conj/Ice       51%        3d11      4%          4
 Agony                    Necr           62%        N/A       5%          5
 Cause Fear               Hex            19%        N/A       8%          4
 Freezing Cloud           Conj/Ice/Air   21%        6-21      19%         5
 Silence                  Hex/Air        15%        N/A       30%         5
 Starburst                Conj/Fire      27%        6d9       45%         6
 Enfeeble                 Hex            19%        N/A       100%        7


Dungeon Overview and Level Annotations

Branches:
Dungeon (15/15)            Temple (0/1) D:4            Lair (6/6) D:11
  Swamp (0/4) Lair:3       Spider (4/4) Lair:4        Slime (0/5) Lair:5
    Orc (2/2) D:9             Elf (0/3) Orc:2        Vaults (0/5) D:14
 Depths (0/4) D:15        Ossuary (visited)           IceCv (visited)

Altars:
Cheibriados
Dithmenos
Trog
Beogh

Shops:
D:2 (   D:7 =!:   Orc:2 (*=[(

Annotations:
D:3 3 runed translucent doors, horus123's ghost, amateur DECj
D:4 1 runed translucent door, indyram44's ghost, novice FoFi
D:11 3 runed translucent doors, enile's ghost, journeyman DjFE
D:12 2 transporters, Cecur's ghost, journeyman FoFi
Lair:1 3 runed translucent doors, exclusion: 2 oklob plants, Psyclone's ghost, journeyman OpCj; sammy202020's ghost, novice PaFi
Spider:2 3 runed translucent doors, SirDiesAlot's ghost, adept DECj


Innate Abilities, Weirdness & Mutations

Your dull iron-grey scales are very hard. (AC +14)
You are amphibious.
You cannot fit into any form of body armour.
You are cold-blooded and may be slowed by cold attacks.


Message History

You see here a steelbarb worm corpse.
You struggle to detach yourself from the web.
The jorogumo barely misses you.
You struggle to detach yourself from the web.
The jorogumo hits you but does no damage.
The jorogumo closely misses you.
You fade into invisibility!
The tarantella misses you. The jorogumo hits you!
You feel yourself slow down.
The web tears apart.
The tarantella touches you!
* * * LOW HITPOINT WARNING * * *
You feel momentarily confused. The culicivora closely misses you.
The jorogumo casts a spell at you. The bolt of negative energy hits you.
You partially resist.
You feel drained.
* * * LOW HITPOINT WARNING * * *
The tarantella touches you but does no damage.
The culicivora completely misses you. The jorogumo misses you.
You puncture the jorogumo!
The jorogumo is lightly wounded.
Your +9 rapier "Ultimatum" {spect, Int+3} hits the jorogumo!!
You feel yourself speed up. The tarantella misses you.
You block the culicivora's attack.
The jorogumo stares at you and mumbles some strange words.
The stream of webbing hits you but does no damage.
You are caught in a web!
The tarantella touches you.
* * * LOW HITPOINT WARNING * * *
You feel momentarily confused.
You struggle to detach yourself from the web.
The tarantella misses you. The jorogumo hits you!
* * * LOW HITPOINT WARNING * * *
You suddenly lose the ability to move!
The tarantella touches you.
* * * LOW HITPOINT WARNING * * *
The jorogumo hits you!
* * * LOW HITPOINT WARNING * * *
The tarantella touches you but does no damage.
The culicivora bites you!
* * * LOW HITPOINT WARNING * * *
The jorogumo hits you!
You die...

.# .... .^. ..^ #....
... ^^.##.^.† ...#
...^..#.# ....#
.....#.## ######.....
......###..#.......
#....#...ss.#...^
###.†..^#..@H......
#^..<#.....§†......
#^.................
#.....^#...........
....................
.......^..............
.....^.^..............
######################


You could see a jorogumo, a culicivora (can't see you) and a tarantella (can't
see you).

Vanquished Creatures
  Jorgrun (D:13)
  Rupert (D:14)
  Frances (D:14)
  Kirke (D:14)
  A tengu reaver (D:12)
  An emperor scorpion (Spider:3)
  2 orc warlords
  3 ghost moths
  A stone giant (D:12)
  A broodmother (Spider:3)
  Nessos (D:14)
  A bunyip (shapeshifter) (D:12)
  3 entropy weavers
  5 dire elephants (Lair:6)
  A rakshasa (D:15)
  4 boulder beetles
  A great orb of eyes (D:14)
  A yaktaur captain (D:12)
  8 hydras
  A jorogumo (Spider:1)
  A catoblepas (D:15)
  3 two-headed ogres
  4 centaur warriors
  4 radroaches
  9 death yaks (Lair:6)
  2 tengu warriors (D:14)
  An orc high priest (Orc:2)
  Urug (D:14)
  Nergalle (Lair:4)
  8 pharaoh ants
  A spectral death yak (Lair:6)
  5 steelbarb worms
  A spectral anaconda (Lair:6)
  3 orb spiders
  An obsidian statue (Lair:6)
  A wizard (D:15)
  5 orc knights
  5 necromancers
  3 ugly things
  3 orc sorcerers
  7 deep elf pyromancers
  21 wolf spiders
  3 manticores
  6 cyclopes
  3 moths of wrath
  12 elephants
  A guardian serpent (D:14)
  7 black mambas
  2 naga magi (D:15)
  A centaur skeleton (D:15)
  2 gargoyles
  5 torpor snails
  6 cane toads
  A dire elephant skeleton (Lair:6)
  4 demonic crawlers (Spider:2)
  An unseen horror (D:12)
  2 freezing wraiths
  A kobold demonologist (D:13)
  2 rime drakes
  4 yaktaurs (D:11)
  3 tengu conjurers
  6 komodo dragons
  4 trolls
  3 meliai (Spider:2)
  5 polar bears
  A wolf spider simulacrum (D:15)
  16 tarantellas
  9 blink frogs
  14 slime creatures
  11 dream sheep
  29 jumping spiders
  A vampire (D:12)
  8 culicivoras
  17 humans (D:14)
  2 dire elephant simulacra
  48 yaks
  2 wraiths (D:13)
  2 basilisks
  6 wyverns
  5 hogs (D:14)
  A steam dragon (D:8)
  41 redbacks
  A death yak simulacrum (Lair:6)
  A basilisk (shapeshifter) (D:13)
  4 wargs
  3 acid dragons
  4 spectral cane toads (Lair:6)
  15 water moccasins
  26 orc warriors
  4 ice beasts
  2 black bears
  5 boggarts (D:12)
  42 wolves
  6 ogres
  7 centaurs
  A phantom (D:5)
  An elephant skeleton (Lair:6)
  An elf zombie (Ossuary)
  2 kobold brigands
  8 bullfrogs
  9 scorpions
  A cane toad simulacrum (IceCv)
  11 wights
  18 killer bees
  13 howler monkeys
  5 electric eels
  2 centaur zombies
  17 orc priests
  2 hounds (D:5)
  2 jellies
  A gnoll shaman (D:8)
  A human zombie (Ossuary)
  23 orc wizards
  2 polar bear simulacra (IceCv)
  A wolf simulacrum (IceCv)
  2 mummies (Ossuary)
  Robin (D:4)
  4 gnolls (D:8)
  8 adders
  2 shadow imps
  12 white imps (D:11)
  66 orcs
  6 endoplasms
  4 giant cockroaches
  10 hobgoblins
  6 jackals
  23 kobolds
  2 quokkas
  6 ball pythons
  7 bats
  6 frilled lizards
  3 gnoll zombies (Ossuary)
  22 goblins
  2 goblin zombies (Ossuary)
  2 hobgoblin zombies (Ossuary)
  4 orc zombies (Ossuary)
  8 rats
873 creatures vanquished.

Vanquished Creatures (others)
  A yaktaur (D:11)
  373 foxfires
  30 fungi
  37 plants
  30 withered plants
471 creatures vanquished.

Grand Total: 1344 creatures vanquished

Notes
Turn   | Place    | Note
-------+----------+-------------------------------------------
     0 | D:1      | freelancePsychic the Draconian Wanderer began the quest for
                  | the Orb.
     0 | D:1      | freelancePsychic set off with the following items: a +2
                  | falchion, a wand of polymorph (4), a scroll of blinking;
                  | and the following spell memorised: Slow; and the following
                  | spells available to memorise: Dazzling Flash
     0 | D:1      | Reached XP level 1. HP: 16/16 MP: 2/2
   413 | D:1      | Reached XP level 2. HP: 22/24 MP: 3/3
   553 | D:1      | Found a faded altar of an unknown god.
   584 | D:1      | Reached skill level 2 in Fighting
   605 | D:1      | Prayed at the altar of an unknown god.
   605 | D:1      | Became a worshipper of Cheibriados the Contemplative
   605 | D:1      | Reached * piety under Cheibriados
   709 | D:1      | Learned a level 1 spell: Foxfire
  1168 | D:1      | Reached XP level 3. HP: 29/29 MP: 4/4
  1690 | D:2      | Found Oseamm's Weapon Emporium.
  1824 | D:2      | Reached skill level 1 in Fire Magic
  1845 | D:2      | Reached ** piety under Cheibriados
  1898 | D:2      | Reached skill level 1 in Conjurations
  2296 | D:3      | Noticed a black bear
  2411 | D:2      | Reached XP level 4. HP: 17/37 MP: 1/6
  2615 | D:3      | Killed a black bear
  2616 | D:3      | Reached skill level 1 in Translocations
  2616 | D:3      | Reached XP level 5. HP: 44/44 MP: 0/7
  2692 | D:3      | Noticed horus123's ghost (amateur DECj)
  2914 | D:3      | Found a runed translucent gate.
  2914 | D:3      | Found a runed translucent gate.
  2915 | D:3      | Found a runed translucent gate.
  3399 | D:4      | Reached skill level 3 in Fighting
  3576 | D:4      | Found a sand-covered staircase.
  3585 | Ossuary  | Entered an ossuary
  3810 | Ossuary  | Learned a level 4 spell: Iskenderun's Mystic Blast
  3938 | Ossuary  | Reached XP level 6. HP: 50/51 MP: 4/9
  4354 | D:4      | Found a shadowy altar of Dithmenos.
  4414 | D:4      | Found a runed translucent door.
  4421 | D:4      | Noticed indyram44's ghost (novice FoFi)
  4438 | D:4      | Reached *** piety under Cheibriados
  4496 | D:4      | Found a staircase to the Ecumenical Temple.
  4721 | D:4      | Noticed Robin
  4733 | D:4      | Killed Robin
  5222 | D:4      | Your scales start taking on a dull iron-grey colour.
  5222 | D:4      | Reached XP level 7. HP: 57/57 MP: 10/10
  5368 | D:5      | Entered Level 5 of the Dungeon
  5580 | D:5      | Reached **** piety under Cheibriados
  5848 | D:5      | Reached skill level 4 in Fighting
  6455 | D:5      | Reached skill level 5 in Conjurations
  6455 | D:5      | Reached XP level 8. HP: 44/67 MP: 8/12
  6985 | D:7      | Got the Reference Book on Enchanting Transmutation
  7217 | D:6      | Reached skill level 1 in Transmutations
  7283 | D:6      | Learned a level 5 spell: Irradiate
  7289 | D:7      | Reached skill level 5 in Fighting
  7760 | D:7      | Found Rats's Book Shop.
  7810 | D:7      | Found Neyled's Jewellery Boutique.
  8108 | D:7      | Found Gynets's Distillery.
  8269 | D:8      | Reached ***** piety under Cheibriados
  8380 | D:8      | Reached XP level 9. HP: 66/75 MP: 10/15
  8390 | D:8      | Reached skill level 6 in Fighting
  8933 | D:8      | Reached skill level 1 in Poison Magic
  9163 | D:8      | Noticed a two-headed ogre
  9195 | D:8      | Reached skill level 5 in Spellcasting
  9195 | D:8      | Killed a two-headed ogre
  9196 | D:8      | Reached skill level 5 in Transmutations
  9908 | D:9      | Noticed a troll
  9913 | D:9      | Killed a troll
  9914 | D:9      | Reached skill level 7 in Fighting
  9914 | D:9      | Reached XP level 10. HP: 80/86 MP: 2/18
 10748 | D:9      | Found a staircase to the Orcish Mines.
 10869 | D:10     | Entered Level 10 of the Dungeon
 10874 | D:10     | Reached skill level 5 in Poison Magic
 10881 | D:10     | Learned a level 6 spell: Eringya's Noxious Bog
 11117 | D:10     | Noticed a manticore
 11127 | D:10     | Killed a manticore
 11741 | D:11     | Noticed a cyan ugly thing
 11753 | D:11     | Killed a cyan ugly thing
 11867 | D:11     | Reached ****** piety under Cheibriados
 11897 | D:11     | Reached skill level 8 in Fighting
 11988 | D:11     | Found a frozen archway.
 12132 | IceCv    | Entered an ice cave
 12141 | IceCv    | Noticed a white ugly thing
 12151 | IceCv    | Killed a white ugly thing
 12152 | IceCv    | Reached XP level 11. HP: 82/94 MP: 5/20
 12335 | D:11     | Found a staircase to the Lair.
 12370 | D:11     | Found a runed translucent gate.
 12370 | D:11     | Found a runed translucent gate.
 12370 | D:11     | Found a runed translucent gate.
 12570 | D:11     | Noticed a two-headed ogre
 12577 | D:11     | Killed a two-headed ogre
 12974 | Lair:1   | Entered Level 1 of the Lair of Beasts
 13151 | Lair:1   | Reached skill level 1 in Invocations
 13325 | D:7      | Bought a Trismegistus Codex for 448 gold pieces
 13329 | D:7      | Learned a level 3 spell: Ignite Poison
 13956 | Lair:1   | Found a runed translucent gate.
 13957 | Lair:1   | Found a runed translucent gate.
 13965 | Lair:1   | Found a runed translucent gate.
 14737 | Lair:1   | Noticed an oklob plant
 14790 | Lair:1   | Reached skill level 9 in Fighting
 14965 | Lair:1   | Noticed sammy202020's ghost (novice PaFi)
 14965 | Lair:1   | Noticed Psyclone's ghost (journeyman OpCj)
 15097 | Lair:1   | Noticed an oklob plant
 16067 | Lair:3   | Reached XP level 12. HP: 104/104 MP: 14/23
 16081 | Lair:3   | Reached skill level 10 in Transmutations
 16195 | Lair:3   | Reached skill level 1 in Dodging
 16613 | Lair:3   | Reached skill level 5 in Invocations
 16874 | Lair:3   | Reached skill level 10 in Fighting
 16879 | Lair:3   | Noticed a six-headed hydra
 16886 | Lair:3   | Killed a six-headed hydra
 17025 | Lair:3   | Found a staircase to the Swamp.
 17318 | Lair:4   | Found a hole to the Spider Nest.
 17654 | Lair:4   | Noticed an eight-headed hydra
 17657 | Lair:4   | Killed an eight-headed hydra
 17742 | Lair:4   | Noticed Nergalle
 17746 | Lair:4   | Killed Nergalle
 18420 | Lair:5   | Found a staircase to the Slime Pits.
 18716 | Lair:5   | Identified the +9 rapier "Ultimatum" {spect, Int+3}
 18724 | Lair:5   | Reached XP level 13. HP: 113/113 MP: 18/26
 19100 | Lair:6   | Entered Level 6 of the Lair of Beasts
 19123 | Lair:6   | Reached skill level 1 in Earth Magic
 19270 | Lair:6   | Reached skill level 5 in Dodging
 19270 | Lair:6   | Reached skill level 1 in Necromancy
 19324 | Lair:6   | Noticed a dire elephant
 19324 | Lair:6   | Noticed a dire elephant
 19324 | Lair:6   | Noticed a dire elephant
 19327 | Lair:6   | Killed a dire elephant
 19328 | Lair:6   | Noticed a dire elephant
 19338 | Lair:6   | Killed a dire elephant
 19439 | Lair:6   | Reached skill level 5 in Earth Magic
 19584 | Lair:6   | Noticed a dire elephant
 19590 | Lair:6   | Killed a dire elephant
 20270 | Lair:6   | Learned a level 5 spell: Borgnjor's Vile Clutch
 20526 | Lair:6   | Reached XP level 14. HP: 118/121 MP: 27/27
 20885 | Lair:6   | Reached skill level 5 in Necromancy
 21162 | Lair:6   | Reached skill level 1 in Short Blades
 21888 | D:11     | Noticed enile's ghost (journeyman DjFE)
 21920 | D:12     | Noticed Cecur's ghost (journeyman FoFi)
 22155 | D:7      | Bought a book of Blasting for 512 gold pieces
 22161 | D:7      | Learned a level 5 spell: Lee's Rapid Deconstruction
 22754 | D:12     | Found a transporter.
 22790 | D:12     | Found a transporter.
 22802 | D:12     | Found a bloodstained altar of Trog.
 22840 | D:12     | Identified the +6 hand axe "Tuxkixic" {elec, Drain rCorr
                  | Dex-4 SInv}
 23114 | D:12     | Reached skill level 10 in Invocations
 23131 | D:12     | Noticed a stone giant
 23136 | D:12     | Killed a stone giant
 23187 | D:12     | Noticed a tengu reaver
 23199 | D:12     | Killed a tengu reaver
 23419 | D:12     | Got the Catalogue of Execration and Necromancy
 23660 | D:13     | Reached skill level 11 in Fighting
 23774 | D:13     | Noticed Jorgrun
 23786 | D:13     | Killed Jorgrun
 24745 | D:14     | Noticed Nessos
 24745 | D:14     | Noticed Rupert
 24745 | D:14     | Noticed Urug
 24745 | D:14     | Found a gate to the Vaults.
 24748 | D:14     | Killed Urug
 24748 | D:14     | Killed Nessos
 24749 | D:14     | Reached XP level 15. HP: 130/130 MP: 18/28
 24749 | D:14     | Noticed Frances
 24750 | D:14     | Killed Rupert
 24975 | D:14     | Killed Frances
 24976 | D:14     | Reached skill level 5 in Short Blades
 25555 | D:14     | Reached skill level 1 in Shields
 25591 | D:14     | Noticed Kirke
 25595 | D:14     | Killed Kirke
 26083 | D:15     | Entered Level 15 of the Dungeon
 26277 | D:15     | Identified a scroll of acquirement
 26279 | D:15     | Acquired the +0 hat "Boegiqogg" {rN+ Int+3}
 26479 | D:15     | Reached skill level 12 in Fighting
 26579 | D:15     | Found the amulet of the Four Winds {rN+ Will+++ Clar}
 27005 | D:15     | Found a staircase to the Depths.
 27134 | Orc:1    | Entered Level 1 of the Orcish Mines
 27297 | Orc:1    | Reached skill level 10 in Spellcasting
 27591 | Orc:1    | Noticed an orc warlord
 27605 | Orc:1    | Killed an orc warlord
 28073 | Orc:2    | Entered Level 2 of the Orcish Mines
 28484 | Orc:2    | Noticed an orc warlord
 28494 | Orc:2    | Killed an orc warlord
 28772 | Orc:2    | Found Jesepe's Antique Armour Boutique.
 28843 | Orc:2    | Found Bauts's Antique Weapon Boutique.
 28925 | Orc:2    | Found Xilaup's Jewellery Boutique.
 28974 | Orc:2    | Found Aninkopt's Antique Weapon Boutique.
 28981 | Orc:2    | Found a staircase to the Elven Halls.
 29157 | Orc:2    | Found Ocuoteug's General Store.
 29350 | Orc:2    | Bought a pitted morningstar for 261 gold pieces
 29350 | Orc:2    | Identified the +1 morningstar of Doors {freeze, Str+6} (You
                  | bought it in a shop on level 2 of the Orcish Mines)
 29555 | Spider:1 | Entered Level 1 of the Spider Nest
 29970 | Spider:1 | Reached XP level 16. HP: 115/141 MP: 14/30
 30025 | Spider:1 | Reached skill level 10 in Earth Magic
 30653 | Spider:1 | Reached skill level 1 in Stealth
 31274 | Spider:2 | Reached skill level 13 in Fighting
 31274 | Spider:2 | Reached skill level 10 in Dodging
 31529 | Spider:2 | Found a runed translucent gate.
 31529 | Spider:2 | Found a runed translucent gate.
 31530 | Spider:2 | Found a runed translucent gate.
 31530 | Spider:2 | Noticed SirDiesAlot's ghost (adept DECj)
 33441 | Spider:3 | Identified the +1 ring mail "Fadagh" {Dex+3}
 33462 | Spider:3 | Reached skill level 5 in Stealth
 34565 | Spider:4 | Entered Level 4 of the Spider Nest
 34794 | Spider:4 | Paralysed by a jorogumo for 3 turns
 34795 | Spider:4 | HP: 2/142 [culicivora (10)]
 34795 | Spider:4 | Mangled by a jorogumo

Illustrated notes

Levels and vault maps discovered:
D:1:      lightli_arrival_farm, layout_basic, ebering_ecumenical_altar_hall
D:2:      cheibrodos_helix_gallery, layout_rooms, serial_shops,
          nicolae_shop_bloodbath_and_beyond, st_stairs_3, patterned_corridor
D:3:      layout_loops_ring, gammafunk_ghost_icy, minmay_misc_feat_four_crosses,
          st_stairs_14
D:4:      kennysheep_goblin_castle, layout_rooms,
          grunt_dithmenos_smoke_and_mirrors, minmay_temple_entry_mist,
          ebering_ghost_sewer_d, enter_ossuary_3
D:5:      layout_basic
D:6:      layout_gridville
D:7:      layout_cave_pools, serial_shops, shop, nicolae_square_shop, shop
D:8:      layout_cave_pools
D:9:      layout_loops_corners, orc_0_dummy
D:10:     layout_roguey
D:11:     layout_irregular_city, lair_entry_dummy, portal_ice_cave_entry_imps,
          gammafunk_ghost_spectres
D:12:     cross_vault, layout_loops_corners, gammafunk_ghost_wrathful_warriors
D:13:     layout_roguey, minmay_increasing_density, uniq_jorgrun
D:14:     layout_stronghold, david_vaults_3, hangedman_decor_peaks_small,
          nrook_guardian_serpent_double, uniq_frances, uniq_kirke
D:15:     grunt_enter_depths_magical_seal, layout_cave_pools, minivault_26
Lair:1:   minmay_lair_oklob_chamber, layout_regular_city,
          gammafunk_ghost_cemetery, st_stairs_3
Lair:2:   layout_misc_corridors, lemuel_fruit_fields, uniq_urug
Lair:3:   layout_long_grid, swamp_mist_pool, minmay_hedge_maze,
          grunt_forest_large_clearings
Lair:4:   layout_hall_layers, nicolae_spider_entry_non_spiders, uniq_nergalle
Lair:5:   layout_misc_corridors, minmay_slime_entry_pillars,
          infiniplex_staircase_pool, grunt_megastairs_5, serial_bayou_shore_b,
          lemuel_fruit_tree
Lair:6:   due_jungle_book, layout_gridlike, serial_bayou_shore_a
Spider:1: nicolae_spider_mines_3
Spider:2: layout_spider_delve, gammafunk_ghost_necromancy, drop_trap
Spider:3: layout_chambers
Spider:4: floodkiller_spider_rune_tomb
Orc:1:    layout_caves
Orc:2:    grunt_orc_cross, layout_diamond_mine, serial_shops, nicolae_shop_stone

Skill      XL: |  1  2  3  4  5  6  7  8  9 10 11 12 13 14 15 16 |
---------------+-------------------------------------------------+-----
Fighting       | 2 3 4 5 7 8 9 10 11 12 13 | 13.6
Fire Magic     | 1 |  1.2
Conjurations   | 1 2 3 5 6 |  6.4
Translocations | 1 2 3 4 |  4.9
Spellcasting   | 2 3 4 5 6 7 9 10 | 10.5
Transmutations | 3 5 8 9 10 | 10.0
Poison Magic   | 4 6 8 9 |  9.0
Invocations    | 3 6 9 10 11 | 11.1
Dodging        | 4 6 8 9 10 | 10.5
Earth Magic    | 8 9 11 | 11.4
Necromancy     | 4 5 |  5.1
Short Blades   | 4 7 8 |  8.5
Shields        | 4 |  4.0
Stealth        | 5 |  5.6
Long Blades    | |  3.4
Hexes          | |  1.7
Evocations     | |  3.0

Action                   |  1- 3 |  4- 6 |  7- 9 | 10-12 | 13-15 | 16-18 || total
-------------------------+-------+-------+-------+-------+-------+-------++-------
Melee: Falchion          |   106 |    65 |   107 |       |       |       ||   278
       Tailslap          |     6 |     7 |    25 |    54 |    92 |    39 ||   223
       Punch             |     1 |     1 |     1 |     3 |     6 |       ||    12
       Whip              |       |       |    72 |   256 |       |       ||   328
       Rapier            |       |       |       |       |   365 |   138 ||   503
 Cast: Foxfire           |    16 |   120 |    74 |     1 |       |       ||   211
       Iskenderun's Myst |       |       |    26 |    10 |     1 |       ||    37
       Irradiate         |       |       |     9 |    29 |    19 |     7 ||    64
       Eringya's Noxious |       |       |       |    34 |    48 |    24 ||   106
       Ignite Poison     |       |       |       |    26 |    32 |     8 ||    66
       Borgnjor's Vile C |       |       |       |       |    51 |    27 ||    78
       Lee's Rapid Decon |       |       |       |       |    25 |     2 ||    27
Invok: Temporal Distorti |       |       |       |       |     3 |       ||     3
       Slouch            |       |       |       |       |     1 |     6 ||     7
Evoke: Wand              |       |       |       |     7 |     3 |       ||    10
  Use: Scroll            |     3 |     3 |     2 |    14 |     6 |     1 ||    29
       Potion            |       |     2 |       |     1 |     1 |     2 ||     6
 Stab: Sleeping          |       |     1 |       |       |     5 |     2 ||     8
       Distracted        |       |       |       |     1 |    10 |     5 ||    16
Armor: Skin              |    51 |    62 |   176 |   195 |   145 |    82 ||   711
Dodge: Dodged            |    74 |    54 |   198 |   246 |   323 |   167 ||  1062
Block: Buckler           |       |       |       |       |    81 |    77 ||   158
       Reflection        |       |       |       |       |     9 |       ||     9

Table legend: (Time is in decaauts)
 A = Elapsed time spent in this place.
 B = Non-inter-level travel time spent in this place.
 C = Inter-level travel time spent in this place.
 D = Time resting spent in this place.
 E = Time spent auto-exploring this place.
 F = Levels seen in this place.
 G = Mean time per level.
                   A        B        C        D        E       F      G
               +--------+--------+--------+--------+--------+-----+--------+
         Total |  50101 |  46960 |   3141 |   3319 |  37303 |  29 | 1727.6 |
       Dungeon |  26004 |  23989 |   2015 |   2286 |  18630 |  15 | 1733.6 |
          Lair |  12570 |  11809 |    761 |    515 |   9811 |   6 | 2095.0 |
   Spider Nest |   7106 |   6947 |    159 |    421 |   5570 |   4 | 1776.5 |
  Orcish Mines |   3368 |   3163 |    205 |      0 |   2621 |   2 | 1684.0 |
       Ossuary |    812 |    812 |      0 |      0 |    667 |   1 |  812.0 |
      Ice Cave |    239 |    239 |      0 |     97 |      4 |   1 |  239.0 |
               +--------+--------+--------+--------+--------+-----+--------+

Top non-repeatable levels by time:
  Lair:6: 2976 daAuts
  Lair:1: 2867 daAuts
    D:11: 2856 daAuts
Spider:3: 2638 daAuts
    D:12: 2210 daAuts
Spider:2: 2206 daAuts
Spider:1: 2192 daAuts
  Lair:3: 2068 daAuts
    D:14: 2066 daAuts
     D:9: 2035 daAuts
   Orc:2: 1997 daAuts
    D:13: 1974 daAuts
     D:8: 1821 daAuts
  Lair:4: 1760 daAuts
     D:5: 1721 daAuts
